 Dungeon Crawl Stone Soup version 0.32-a0-314-g526f7d4993 (webtiles) character file.

Game seed: 9192677136581081420

974 lunkers the Basher (level 7, -1/61 HPs)
             Began as a Mountain Dwarf Cinder Acolyte on Feb 15, 2024.
             Was an Initiate of Sif Muna.
             Slain by a fire elemental (10 damage)
             ... created by the fiery vengeance of Ignis
             ... on level 7 of the Dungeon.
             The game lasted 00:09:47 (4598 turns).

lunkers the Basher (Mountain Dwarf Cinder Acolyte)  Turns: 4598, Time: 00:09:47

Health: -1/61      AC:  8    Str: 17    XL:     7   Next: 95%
Magic:  9/9        EV: 15    Int: 16    God:    Sif Muna [......]
Gold:   263        SH:  0    Dex:  5    Spells: 7/9 levels left

rFire   . . .        a - +1 morningstar (chaos)
rCold   . . .        (no shield)
rNeg    . . .        h - +0 ring mail
rPois   .            (no helmet)
rElec   .            (no cloak)
rCorr   .            w - +0 pair of gloves
SInv    .            C - +1 pair of boots
Will    ++...        q - amulet of magic regeneration Stlth
                     u - ring of protection from fire
HPRegen 0.30/turn    g - ring of Neneskin {Will++ EV+5 Slay+3}
MPRegen 0.51/turn

%: no passive effects
@: fire susceptible
A: runic magic, artefact enchanting
a: Renounce Religion


You were on level 7 of the Dungeon.
You worshipped Sif Muna.
Sif Muna was noncommittal.
You visited 2 branches of the dungeon, and saw 8 of its levels.

You collected 263 gold pieces.

Inventory:

Hand Weapons
 a - a +1 morningstar of chaos (weapon)
 x - a -1 mace of flaming
Armour
 b - a +0 robe
 h - a +0 ring mail (worn)
 w - a +0 pair of gloves (worn)
 C - a +1 pair of boots (worn)
Jewellery
 g - the ring of Neneskin (right hand) {Will++ EV+5 Slay+3}
   (You acquired it on level 4 of the Dungeon)

   [ring of evasion]

   EV+5:      It affects your evasion (+5).
   Slay+3:    It affects your accuracy & damage with ranged weapons and melee
   (+3).
   Will++:    It greatly increases your willpower.
 k - an amulet of faith
 q - an amulet of magic regeneration (around neck)
 u - a ring of protection from fire (left hand)
Wands
 n - a wand of charming (14)
Scrolls
 d - 3 scrolls of silence
 e - 3 scrolls of noise
 f - 2 scrolls of teleportation
 l - a scroll of brand weapon
Potions
 c - 4 potions of attraction
 i - a potion of cancellation
 j - 3 potions of brilliance
 m - 2 potions of curing {unknown}
 o - 2 potions of berserk rage {unknown}
 p - 3 potions of haste
 r - a potion of heal wounds {unknown}
 t - a potion of might {unknown}
 v - a potion of mutation {unknown}
 z - a potion of magic {unknown}


   Skills:
 + Level 5.0 Fighting
 * Level 9.8 Maces & Flails
 + Level 2.5 Armour
 - Level 1.6 Spellcasting
 - Level 4.2 Fire Magic


You had 7 spell levels left.
You knew the following spells:

 Your Spells              Type           Power      Damage    Failure   Level
b - Scorch                Fire           30%        2d6       6%          2

Your spell library contained the following spells:

 Spells                   Type           Power      Damage    Failure   Level
 Shock                    Conj/Air       4%         1d3       26%         1
 Lesser Beckoning         Tloc           2%         N/A       36%         2
 Gell's Gravitas          Tloc           1%         N/A       58%         3
 Swiftness                Air            1%         N/A       58%         3
 Teleport Other           Tloc           1%         N/A       58%         3
 Airstrike                Air            0%         2d(1-17)  94%         4
 Animate Armour           Summ/Erth      2%         N/A       94%         4
 Summon Lightning Spire   Summ/Air       1%         N/A       94%         4
 Lee's Rapid Deconstruct  Erth           0%         3d4*      100%        5


Dungeon Overview and Level Annotations

Branches:
Dungeon (7/15)             Temple (1/1) D:4

Altars:
Ashenzari
Cheibriados
Dithmenos
Fedhas
Hepliaklqana
Kikubaaqudgha
Makhleb
Nemelex Xobeh
Qazlal
Ru
Sif Muna
Uskayaw
Vehumet
Wu Jian
Xom
Yredelemnul
Zin
The Shining One


Innate Abilities, Weirdness & Mutations

Your spellcasting is much less encumbered by armour.
You can use scrolls of enchantment on lesser artefacts.


Message History

You are too confused!
Unknown command.
Okay, then.
You are too confused!
Okay, then.
Items here: )) [ †.
The fire elemental hits you. The fire elemental burns you!
Things that are here:
a +0 trident; a +0 ring mail You're too confused to move!
The fire elemental hits you. The fire elemental burns you!
The fire elemental hits you. The fire elemental burns you!
* * * LOW HITPOINT WARNING * * *
The fire elemental misses you.
You hit the fire elemental but do no damage.
The fire elemental seems to speed up.
You feel less confused. The fire elemental closely misses you.
The fire elemental barely misses you.
The fire elemental completely misses you.
Unknown command.
The fire elemental hits you. The fire elemental burns you!
* * * LOW HITPOINT WARNING * * *
There is an escape hatch in the floor here.
Unknown command.
The fire elemental misses you. The fire elemental hits you.
* * * LOW HITPOINT WARNING * * *
The fire elemental burns you!
* * * LOW HITPOINT WARNING * * *
The fire elemental hits you.
* * * LOW HITPOINT WARNING * * *
The fire elemental burns you!
* * * LOW HITPOINT WARNING * * *
You slide downwards.
The hatch slams shut behind you.
Found 15 gold pieces, a robe and a scale mail.
Unknown command.
Unknown command.
Unknown command.
The fire elemental completely misses you.
The fire elemental hits you. The fire elemental burns you!
You die...

..... .......
....... ß
......[ ..
.......######[#
...........$.#
.............##
#.E.☼.....#
#.@E......#
#.#.....#.#
#.##...## ##
####


You could see 2 fire elementals.

Vanquished Creatures
  3 black bears
  An ogre (D:5)
  A kobold brigand (D:5)
  A bombardier beetle (D:3)
  A jelly (D:4)
  2 orc priests
  4 hounds
  A gnoll bouda (D:4)
  An iguana (D:5)
  An orc wizard (D:6)
  8 gnolls
  3 adders
  4 dart slugs
  3 ribbon worms
  9 orcs
  9 ball pythons
  7 bats
  7 endoplasms
  5 giant cockroaches
  4 goblins
  7 hobgoblins
  2 jackals (D:1)
  5 quokkas
  5 frilled lizards
  20 kobolds
  7 rats
121 creatures vanquished.

Vanquished Creatures (others)
  55 foxfires
55 creatures vanquished.

Grand Total: 176 creatures vanquished

Notes
Turn   | Place    | Note
-------+----------+-------------------------------------------
     0 | D:1      | lunkers the Mountain Dwarf Cinder Acolyte began the quest
                  | for the Orb.
     0 | D:1      | Reached XP level 1. HP: 19/19 MP: 2/2
    68 | D:1      | Reached skill level 4 in Maces & Flails
    80 | D:1      | Reached XP level 2. HP: 26/26 MP: 3/3
    98 | D:1      | Learned a level 2 spell: Scorch
   268 | D:1      | Reached skill level 5 in Maces & Flails
   339 | D:1      | Reached XP level 3. HP: 12/31 MP: 4/4
   998 | D:2      | Reached skill level 6 in Maces & Flails
   998 | D:2      | Reached XP level 4. HP: 28/38 MP: 0/5
  1160 | D:2      | Found a burning altar of Makhleb.
  1180 | D:2      | You fall into a shaft and drop 2 floors!
  1204 | D:4      | HP: 1/38 [gnoll bouda/+0 club (7)]
  1390 | D:4      | Found a radiant altar of Vehumet.
  1395 | D:4      | Reached XP level 5. HP: 44/45 MP: 6/6
  1405 | D:4      | Reached skill level 7 in Maces & Flails
  2690 | D:3      | Found a snail-covered altar of Cheibriados.
  2771 | D:3      | Reached skill level 8 in Maces & Flails
  2850 | D:3      | Reached XP level 6. HP: 32/51 MP: 3/7
  3221 | D:4      | Identified the +0 leather armour of Valiance {Harm rN++
                  | rCorr}
  3691 | D:4      | Found a staircase to the Ecumenical Temple.
  3736 | Temple   | Entered the Ecumenical Temple
  3779 | D:4      | Identified a scroll of acquirement
  3779 | D:4      | Acquired the ring of Neneskin {Will++ EV+5 Slay+3}
  3829 | D:5      | Entered Level 5 of the Dungeon
  3832 | D:5      | Reached XP level 7. HP: 59/59 MP: 9/9
  4000 | D:5      | Reached skill level 9 in Maces & Flails
  4001 | D:5      | Reached skill level 1 in Armour
  4286 | D:5      | Found a glowing golden altar of the Shining One.
  4394 | Temple   | Fell from the grace of Ignis
  4394 | Temple   | Became a worshipper of Sif Muna the Loreminder
  4572 | D:6      | Reached skill level 5 in Fighting
  4590 | D:6      | Noticed a fire elemental
  4590 | D:6      | Noticed a fire elemental
  4598 | D:7      | Slain by a fire elemental

Illustrated notes

Levels and vault maps discovered:
D:1:      mrwooster_arrival_statue_2, layout_basic, minmay_cupped
D:2:      layout_loops_ring, basic_altar, corner_web_ring, nrook_campfire
D:3:      minmay_angry_zag, layout_loops_ring, slow_altar_2,
          cheibrodos_gnoll_hut
D:4:      layout_cave_pools, vehumet_crystals, lemuel_temple_firewalk_a
D:5:      layout_basic, mainiacjoe_overflow_paths
D:6:      layout_basic, jmf_multi_god_temple2, minmay_misc_feat_iff, uniq_pikel
D:7:      layout_basic, grunt_decor_clamped, hellmonk_guarded_unrand_lears
Temple:   minmay_freezing_vapour_temple

Skill      XL: |  1  2  3  4  5  6  7 |
---------------+----------------------+-----
Maces & Flails | 4 5 6 8 9 |  9.8
Fire Magic     | 4 |  4.2
Fighting       | 4 5 |  5.0
Armour         | 2 |  2.5
Spellcasting   | |  1.6

Action                     |  1- 3 |  4- 6 |  7- 9 || total
---------------------------+-------+-------+-------++-------
  Melee: Mace              |   113 |    96 |       ||   209
         Morningstar       |       |     1 |    15 ||    16
   Cast: Scorch            |     7 |    62 |    17 ||    86
 Invoke: Foxfire Swarm     |       |     2 |     3 ||     5
    Use: Scroll            |       |    14 |     1 ||    15
 Armour: Robe              |    70 |    79 |       ||   149
         Ring mail         |       |       |    42 ||    42
  Dodge: Dodged            |    88 |    65 |    35 ||   188

Table legend: (Time is in decaauts)
 A = Elapsed time spent in this place.
 B = Non-inter-level travel time spent in this place.
 C = Inter-level travel time spent in this place.
 D = Time resting spent in this place.
 E = Time spent auto-exploring this place.
 F = Levels seen in this place.
 G = Mean time per level.
                   A        B        C        D        E       F      G
               +--------+--------+--------+--------+--------+-----+--------+
         Total |   4618 |   4340 |    278 |    124 |   3371 |   8 |  577.2 |
       Dungeon |   4601 |   4328 |    273 |    124 |   3371 |   7 |  657.3 |
        Temple |     16 |     11 |      5 |      0 |      0 |   1 |   16.0 |
               +--------+--------+--------+--------+--------+-----+--------+

Top non-repeatable levels by time:
     D:4: 1107 daAuts
     D:3: 1073 daAuts
     D:1: 961 daAuts
     D:2: 869 daAuts
     D:5: 536 daAuts
     D:6: 52 daAuts
  Temple: 16 daAuts
     D:7: 0 daAuts
